 Dungeon Crawl Stone Soup version 0.32-a0-643-ga006e7742e (webtiles) character file.

Game seed: 6356787768796764373

23458 zewo the Summoner (level 12, -5/103 HPs)
             Began as a Red Draconian Summoner on Mar 7, 2024.
             Was a High Priest of Sif Muna.
             Slain by a +1 halberd of chaos (20 damage)
             ... on level 1 of the Lair of Beasts.
             The game lasted 00:44:55 (13461 turns).

zewo the Summoner (Red Draconian Summoner)         Turns: 13461, Time: 00:44:56

Health: -5/103     AC: 11    Str: 10    XL:     12   Next: 72%
Magic:  24/27      EV: 14    Int: 27    God:    Sif Muna [*****.]
Gold:   608        SH:  5    Dex: 12    Spells: 12/33 levels left

rFire   + . .        U - staff of alchemy
rCold   . . .        R - +0 buckler
rNeg    . . .        (body armour unavailable)
rPois   +            (helmet restricted)
rElec   .            P - +1 cloak
rCorr   .            K - +0 pair of gloves
SInv    .            (no boots)
Will    .....        y - amulet of magic regeneration
Stlth   ++           M - +6 ring of intelligence
HPRegen 0.37/turn    N - ring of wizardry
MPRegen 0.60/turn

%: wizardry (x1)
@: weakened, slowed, very slow
A: combustion breath, AC +8, unfitting armour, fire resistance 1, cold-blooded
a: Combustion Breath, Renounce Religion, Channel Magic, Forget Spell, Divine
Exegesis


You were on level 1 of the Lair of Beasts.
You worshipped Sif Muna.
Sif Muna was extremely pleased with you.
You visited 2 branches of the dungeon, and saw 12 of its levels.
You also visited: Bailey.

You collected 608 gold pieces.

Inventory:

Hand Weapons
 c - a +0 sling
 f - a +0 dagger
 A - a +1 spectral quarterstaff
Missiles
 k - 23 poisoned darts
 u - 5 curare-tipped darts
 w - 8 javelins
Armour
 K - a +0 pair of gloves (worn)
 P - a +1 cloak (worn)
 R - a +0 buckler (worn)
Magical Staves
 T - the staff of Xuawk {rC+ Will+ Conj}
   (You found it on level 11 of the Dungeon)

   [staff of conjuration]

   Base accuracy: +5 Base damage: 5 Base attack delay: 1.2 This weapon's minimum
   attack delay (0.6) is reached at skill level 12.
   rC+:       It protects you from cold.
   Will+:     It increases your willpower.
   Conj:      It increases the power of your Conjurations spells.
   It falls into the 'Staves' category.
   It is a one-handed weapon.
 U - a staff of alchemy (weapon)
Jewellery
 q - a ring of ice
 s - a ring of poison resistance
 x - a ring of fire
 y - an amulet of magic regeneration (around neck)
 E - a ring of magical power
 M - a +6 ring of intelligence (left hand)
 N - a ring of wizardry (right hand)
 O - a +4 ring of protection
Talismans
 B - a maw talisman
Wands
 r - a wand of flame (41) {@v4}
 t - a wand of quicksilver (22) {@v1}
 I - a wand of polymorph (12)
Scrolls
 b - 2 scrolls of revelation
 g - 2 scrolls of blinking {@r4}
 h - a scroll of silence {unknown}
 i - a scroll of summoning {unknown}
 m - 7 scrolls of teleportation {@r3 !r}
 p - 5 scrolls of vulnerability
 C - a scroll of torment {unknown}
 D - 3 scrolls of enchant weapon
 G - 2 scrolls of amnesia
 Q - 3 scrolls of identify {@r1}
Potions
 a - 3 potions of magic
 d - a potion of cancellation
 e - 3 potions of enlightenment
 j - 2 potions of haste {@q4 !q}
 l - 3 potions of curing {@q1 !q}
 n - 2 potions of invisibility
 o - a potion of lignification {@q6}
 v - 3 potions of heal wounds {@q2 !q}
 z - a potion of might {@q3 !q}
 F - 2 potions of brilliance
 H - 2 potions of attraction
 J - 6 potions of mutation
Miscellaneous
 L - a lightning rod (4/4)
 S - a box of beasts


   Skills:
 + Level 8.9 Fighting
 + Level 7.9 Dodging
 - Level 2.0 Stealth
 + Level 3.9 Shields
 + Level 11.0 Spellcasting
 + Level 11.0 Summonings
 - Level 2.0 Translocations
 - Level 5.0 Fire Magic
 - Level 5.0 Air Magic
 - Level 5.0 Evocations


You had 12 spell levels left.
You knew the following spells:

 Your Spells              Type           Power      Damage    Failure   Level
a - Summon Lightning Spi  Summ/Air       55%        N/A       1%          4
b - Call Imp              Summ           100%       N/A       1%          2
c - Call Canine Familiar  Summ           65%        N/A       1%          3
d - Summon Blazeheart Go  Fire/Summ      55%        N/A       1%          4
e - Summon Small Mammal   Summ           100%       N/A       1%          1
f - Summon Forest         Summ/Tloc      25%        N/A       4%          5
Y - Blink                 Tloc           50%        N/A       1%          2

Your spell library contained the following spells:

 Spells                   Type           Power      Damage    Failure   Level
 Static Discharge         Conj/Air       56%        3-6/arc   1%          2
 Summon Ice Beast         Ice/Summ       44%        N/A       1%          3
 Volatile Blastmotes      Fire/Tloc      66%        2d15      1%          3
 Magic Dart               Conj           56%        1d5       2%          1
 Teleport Other           Tloc           25%        N/A       2%          3
 Airstrike                Air            20%        2d(3-19)  2%          4
 Stone Arrow              Conj/Erth      28%        3d8       6%          3
 Summon Mana Viper        Hex/Summ       44%        N/A       6%          5
 Dimensional Bullseye     Hex/Tloc       10%        N/A       14%         4
 Iskenderun's Mystic Bla  Conj/Tloc      20%        2d6       14%         4
 Monstrous Menagerie      Summ           32%        N/A       19%         7
 Leda's Liquefaction      Alch/Erth      11%        N/A       21%         4
 Borgnjor's Vile Clutch   Necr/Erth      7%         N/A       50%         5
 Lee's Rapid Deconstruct  Erth           7%         3d6*      50%         5
 Dispersal                Tloc           12%        N/A       78%         6
 Bombard                  Conj/Erth      7%         9d2       96%         6
 Lehudib's Crystal Spear  Conj/Erth      7%         10d3      100%        8
 Animate Armour           Summ/Erth      Unusable   N/A       N/A         4

Dungeon Overview and Level Annotations

Branches:
Dungeon (11/15)            Temple (0/1) D:7            Lair (1/5) D:9
    Orc (0/2) D:11         Bailey (visited)

Altars:
Cheibriados
Hepliaklqana
Kikubaaqudgha
Okawaru
Ru
Sif Muna
Uskayaw
Wu Jian
Xom
Zin
The Shining One

Shops:
D:10 (

Portals:
Trove: D:10 (give +7 demon blade)

Annotations:
D:9 1 runed translucent door
Lair:1 lucidstorm14's ghost, journeyman MiBe


Innate Abilities, Weirdness & Mutations

You can breathe blasts of explosive embers.
Your fiery red scales are hard. (AC +8)
You cannot fit into any form of body armour.
Your flesh is heat resistant. (rF+)
You are cold-blooded and may be slowed by cold attacks.


Message History

Your blazeheart golem falls apart, revealing its core!
Your blazeheart core explodes!
The fiery explosion engulfs lucidstorm14's ghost!!
Lucidstorm14's ghost is engulfed in blazing flames.
Casting: Summon Blazeheart Golem (mildly dangerous; 1% risk of failure)
Confirm with . or Enter, or press ? or * to list all spells.
A fiery spirit appears, bound in slag iron.
Lucidstorm14's ghost is engulfed in blazing flames.
Lucidstorm14's ghost is engulfed in blazing flames.
You block lucidstorm14's ghost's attack.
Your blazeheart golem punches lucidstorm14's ghost.
Your lightning spire shoots out a bolt of lightning at lucidstorm14's ghost!
The bolt of electricity hits lucidstorm14's ghost!
The bolt of electricity hits lucidstorm14's ghost!!
The bolt of electricity hits your lightning spire.
Your lightning spire completely resists.
The +1 halberd of chaos closely misses you.
Lucidstorm14's ghost hits your lightning spire!
You block the +1 halberd of chaos's attack.
Lucidstorm14's ghost hits your lightning spire!!
Your blazeheart golem punches lucidstorm14's ghost.
You block the +1 halberd of chaos's attack.
The +1 halberd of chaos hits you from afar!!
Lucidstorm14's ghost hits your lightning spire!!
Your lightning spire is destroyed!
Your lightning spire disappears in a puff of smoke!
Lucidstorm14's ghost turns its malevolent gaze towards you.
The +1 halberd of chaos barely misses you.
Lucidstorm14's ghost hits your blazeheart golem!
Your blazeheart golem barely misses lucidstorm14's ghost.
The +1 halberd of chaos hits you from afar!!
You feel yourself slow down. The +1 halberd of chaos freezes you!
The +1 halberd of chaos hits you from afar.
You feel your attacks grow feeble.
Lucidstorm14's ghost hits your blazeheart golem!
Your blazeheart golem falls apart, revealing its core!
The +1 halberd of chaos hits you from afar!!
* * * LOW HITPOINT WARNING * * *
You are electrocuted!!
You die...

#........##..†....
#........###P.....
##........###.....
####.#'### #.....
###.# #.#... ##.###
###### ######?_$###
#....##'##.#
#..@*(.....# ###
#....W.....# ####.##
#..........###......
#...........##.#####
##..........##..#
#...........##.##
##..............#
#..........##.##
#..........####


You could see a +1 halberd of chaos, lucidstorm14's ghost (ally target) and a
friendly blazeheart core.

Vanquished Creatures
  A centaur warrior (D:9)
  2 two-headed ogres
  2 boulder beetles (D:11)
  Pikel (D:7)
  An orc knight (D:11)
  Maggie (D:6)
  2 gargoyles
  A komodo dragon (D:7)
  2 hornets
  3 blink frogs (Lair:1)
  A vampire (D:7)
  A wraith (D:11)
  18 yaks
  2 wyverns
  Menkaure (D:7)
  A water moccasin (D:7)
  An ice beast (D:6)
  2 orc warriors
  A sky beast (D:8)
  2 centaurs
  2 lemures (D:7)
  3 bullfrogs
  A kobold brigand (D:9)
  A gnoll sergeant (D:10)
  3 wights (D:8)
  10 killer bees
  5 vampire bats (Bailey)
  5 wolf zombies (Bailey)
  A jelly (D:5)
  An iguana (D:4)
  An orc wizard (D:9)
  An ogre zombie (D:11)
  2 adders
  2 shadow imps
  An ufetubus (D:6)
  A ribbon worm (D:4)
  3 orcs
  2 endoplasms
  2 goblins
  3 hobgoblins (D:1)
  A jackal (D:2)
  5 frilled lizards (D:7)
  A gnoll skeleton (D:11)
  A kobold (D:7)
  An orc skeleton (D:11)
  9 orc zombies
  A rat (D:1)
115 creatures vanquished.

Vanquished Creatures (collateral kills)
  A catoblepas (Lair:1)
  A skeletal warrior (D:11)
  A cyclops (D:11)
  A manticore (D:11)
  A gargoyle (D:11)
  4 cane toads (Lair:1)
  A tengu conjurer (D:11)
  2 trolls
  A queen bee (shapeshifter) (D:11)
  3 blink frogs (Lair:1)
  Sigmund (D:3)
  3 shadows
  A wraith (D:11)
  A vampire (Bailey)
  A wyvern (D:11)
  2 basilisks
  19 yaks
  A steam dragon (D:7)
  2 water moccasins (Lair:1)
  A nameless horror (D:11)
  An orc warrior (D:6)
  2 ice beasts
  3 ogres
  A black bear (D:6)
  3 centaurs
  2 kobold brigands (D:7)
  3 bullfrogs
  A wight (D:6)
  2 troll zombies (D:11)
  7 killer bees
  2 howler monkeys
  4 vampire bats (Bailey)
  4 wolf zombies (Bailey)
  2 bombardier beetles
  3 jellies
  6 orc priests
  2 hounds
  Crazy Yiuf (D:5)
  3 orc wizards
  Ijyb (D:3)
  3 iguanas (D:7)
  Natasha (twice) (D:3)
  Terence (D:3)
  5 ogre zombies (D:11)
  10 adders
  5 gnolls
  2 white imps
  3 ufetubi (D:6)
  3 dart slugs (D:3)
  2 ribbon worms
  15 orcs
  7 ball pythons
  3 bats (D:3)
  4 endoplasms
  3 giant cockroaches
  4 goblins
  6 hobgoblins
  4 jackals
  16 kobolds
  4 quokkas
  2 frilled lizards
  6 gnoll skeletons (D:11)
  A gnoll zombie (D:11)
  3 orc skeletons (D:11)
  23 orc zombies
  2 rats (D:1)
240 creatures vanquished.

Vanquished Creatures (others)
  A kobold (D:7)
  45 blazeheart cores
46 creatures vanquished.

Grand Total: 401 creatures vanquished

Notes
Turn   | Place    | Note
-------+----------+-------------------------------------------
     0 | D:1      | zewo the Draconian Summoner began the quest for the Orb.
     0 | D:1      | Reached XP level 1. HP: 14/14 MP: 3/3
   439 | D:1      | Reached XP level 2. HP: 20/20 MP: 5/5
   970 | D:1      | Learned a level 2 spell: Call Imp
  1213 | D:2      | Reached XP level 3. HP: 26/26 MP: 1/7
  1217 | D:2      | Learned a level 3 spell: Call Canine Familiar
  1674 | D:2      | Found a faded altar of an unknown god.
  1747 | D:2      | Found an ornate altar of the Wu Jian Council.
  2095 | D:3      | Reached XP level 4. HP: 33/33 MP: 3/8
  2179 | D:3      | Noticed Sigmund
  2200 | D:3      | Killed Sigmund
  2201 | D:3      | Reached skill level 5 in Summonings
  2201 | D:3      | Reached XP level 5. HP: 37/38 MP: 1/11
  2406 | D:3      | Noticed Terence
  2496 | D:3      | Noticed Ijyb
  2515 | D:3      | Killed Ijyb
  2516 | D:3      | Reached XP level 6. HP: 44/45 MP: 7/12
  2555 | D:3      | Noticed Natasha
  2568 | D:3      | Killed Natasha
  2763 | D:3      | Killed Terence
  2893 | D:3      | Noticed Natasha
  2903 | D:3      | Killed Natasha
  3781 | D:4      | Found a shimmering blue altar of Sif Muna.
  3804 | D:4      | Became a worshipper of Sif Muna the Loreminder
  3811 | D:4      | Reached skill level 5 in Spellcasting
  3811 | D:4      | Your scales start taking on a fiery red colour.
  3811 | D:4      | Reached XP level 7. HP: 50/50 MP: 8/14
  3811 | D:4      | Gained mutation: Your flesh is heat resistant. (rF+) [Red
                  | Draconian growth]
  4111 | D:4      | Learned a level 4 spell: Summon Blazeheart Golem
  4131 | D:5      | Entered Level 5 of the Dungeon
  4217 | D:5      | Found a sacrificial altar of Ru.
  4270 | D:5      | Reached skill level 1 in Fire Magic
  4303 | D:5      | Found a glowing golden altar of the Shining One.
  4587 | D:5      | Reached XP level 8. HP: 32/57 MP: 16/16
  4891 | D:5      | Found a runed translucent door.
  4892 | D:5      | Noticed Crazy Yiuf
  4904 | D:5      | Killed Crazy Yiuf
  5028 | D:6      | Noticed a troll
  5036 | D:6      | Killed a troll
  5036 | D:6      | Reached * piety under Sif Muna
  5037 | D:6      | Reached skill level 5 in Fire Magic
  5349 | D:6      | Found a glowing silver altar of Zin.
  5436 | D:6      | Noticed Maggie
  5444 | D:6      | Killed Maggie
  5445 | D:6      | Reached XP level 9. HP: 62/62 MP: 18/20
  6195 | D:7      | Found a staircase to the Ecumenical Temple.
  6474 | D:7      | Reached skill level 10 in Summonings
  6513 | D:7      | Noticed Menkaure
  6516 | D:7      | Killed Menkaure
  6609 | D:7      | Reached ** piety under Sif Muna
  6632 | D:7      | Noticed Pikel
  6650 | D:7      | Killed Pikel
  6651 | D:7      | Reached XP level 10. HP: 69/69 MP: 23/23
  6656 | D:7      | Learned a level 4 spell: Summon Lightning Spire
  6759 | D:7      | Reached skill level 1 in Fighting
  7094 | D:8      | Reached skill level 1 in Air Magic
  7140 | D:8      | Found a hazy altar of Hepliaklqana.
  7231 | D:8      | Found a flagged portal.
  7250 | Bailey   | Entered a bailey
  7344 | Bailey   | Noticed a gargoyle
  7352 | Bailey   | Killed a gargoyle
  7495 | Bailey   | Reached *** piety under Sif Muna
  8445 | D:8      | Found an iron altar of Okawaru.
  8561 | D:9      | Reached skill level 10 in Spellcasting
  8675 | D:9      | Found a runed translucent door.
  8675 | D:9      | Noticed a centaur warrior
  8676 | D:9      | Noticed a cyclops
  8683 | D:9      | Killed a centaur warrior
  8684 | D:9      | Reached XP level 11. HP: 14/85 MP: 25/25
  8947 | D:9      | Found an ancient bone altar of Kikubaaqudgha.
  8951 | D:9      | Noticed a +0 dagger
  8952 | D:9      | Noticed a +0 spear
  8952 | D:9      | Noticed a +0 short sword
  9044 | D:9      | Noticed a +0 spear
  9044 | D:9      | Noticed a +0 short sword
  9045 | D:9      | Noticed a +0 dagger
  9045 | D:9      | Noticed a +0 falchion
  9045 | D:9      | Noticed a +0 falchion
  9103 | D:9      | Found a hide-covered altar of Uskayaw.
  9142 | D:9      | Reached **** piety under Sif Muna
  9280 | D:9      | Found a snail-covered altar of Cheibriados.
  9325 | D:9      | Reached skill level 5 in Fighting
  9560 | D:9      | Found a staircase to the Lair.
  9596 | D:9      | Reached skill level 5 in Dodging
  9825 | D:9      | Identified the +8 sling of Plunder {antimagic, rPois rF-
                  | Will+++ Int+4}
  9825 | D:9      | Noticed a deep elf archer
  9825 | D:9      | Noticed an arcanist
  9858 | D:10     | Entered Level 10 of the Dungeon
  9964 | D:10     | Noticed a two-headed ogre
  9974 | D:10     | Killed a two-headed ogre
  9975 | D:10     | Reached skill level 5 in Air Magic
 10037 | D:10     | Found an ornate altar of the Wu Jian Council.
 10300 | D:10     | Found a portal to a secret trove of treasure.
 10465 | D:10     | Found Qevvoim's Weapon Shoppe.
 10577 | D:10     | Learned a level 2 spell: Blink
 10635 | D:11     | Noticed a two-headed ogre
 10643 | D:11     | Killed a two-headed ogre
 10660 | D:11     | Reached skill level 1 in Translocations
 10660 | D:11     | Reached skill level 1 in Evocations
 10754 | D:11     | Noticed a boulder beetle
 10774 | D:11     | Killed a boulder beetle
 10835 | D:11     | Reached ***** piety under Sif Muna
 10890 | D:11     | Received a gift from Sif Muna
 11016 | D:11     | Got Sif Muna's Guidebook on the Map and the Crater {god
                  | gift}
 11028 | D:11     | Found a staircase to the Orcish Mines.
 11304 | D:5      | Learned a level 5 spell: Summon Forest
 11631 | D:11     | Noticed a skeletal warrior
 11647 | D:11     | Killed a skeletal warrior
 11648 | D:11     | Reached XP level 12. HP: 100/100 MP: 24/26
 11804 | D:11     | Identified the staff of Xuawk {rC+ Will+ Conj}
 11826 | D:11     | Noticed a boulder beetle
 11837 | D:11     | Killed a boulder beetle
 11838 | D:11     | Reached skill level 1 in Shields
 12418 | Lair:1   | Entered Level 1 of the Lair of Beasts
 12612 | Lair:1   | Noticed a catoblepas
 12628 | Lair:1   | Killed a catoblepas
 12651 | Lair:1   | Reached skill level 5 in Evocations
 12727 | Lair:1   | Found a runed translucent door.
 13296 | Lair:1   | Found a shimmering altar of Xom.
 13296 | Lair:1   | Noticed lucidstorm14's ghost (journeyman MiBe)
 13461 | Lair:1   | Slain by a +1 halberd of chaos

Illustrated notes

Levels and vault maps discovered:
D:1:      shiori_shiawase, layout_basic, minmay_tetromino_i2
D:2:      layout_loops_ring, basic_altar, shapermc_ecumenical_altar_ellora,
          columned_hall_lemuel
D:3:      layout_rooms, minmay_misc_feat_pillars, st_stairs_7,
          kennysheep_cluttered_room, kennysheep_nub,
          chequers_serial_rivers_small_a, uniq_ijyb, uniq_sigmund, uniq_natasha,
          uniq_terence
D:4:      layout_loops_ring, lemuel_round_altar
D:5:      lemuel_ice_spiral_2, layout_rooms, mainiacjoe_overflow_boulevard,
          mainiacjoe_overflow_brackets, minmay_checkerbox,
          uniq_crazy_yiuf_cottage
D:6:      layout_basic, kennysheep_mini_moat, minmay_crossroads, uniq_maggie
D:7:      layout_basic, minmay_temple_entry_statues_fountains,
          minmay_lizard_king, uniq_menkaure, uniq_pikel
D:8:      layout_basic, overflow_temple_1_default, kennysheep_okawaru_gauntlet,
          enter_bailey_2
D:9:      layout_cave_pods, overflow_temple_1_default, cheibriados_altar_1,
          nicolae_uskayaw_en_pointe, lair_entry_dummy, minivault_13
D:10:     layout_roguey, pdpol_wu_jian_five_deadly_venoms,
          nicolae_trove_entry_crossroad, serial_shops,
          nicolae_shop_bloodbath_and_beyond
D:11:     minmay_cut_squares, layout_irregular_city, zombieorc2_lemuel,
          nzn_sisyphean_effort
Lair:1:   layout_roguey, ebering_ghost_xom, serial_bayou_shore_b

Skill      XL: |  1  2  3  4  5  6  7  8  9 10 11 12 |
---------------+-------------------------------------+-----
Stealth        | 2 |  2.0
Spellcasting   | 3 4 5 7 9 10 11 | 11.0
Summonings     | 5 6 7 9 10 11 | 11.0
Fire Magic     | 3 5 |  5.0
Dodging        | 4 6 7 |  7.9
Fighting       | 4 7 8 |  8.9
Air Magic      | 4 5 |  5.0
Translocations | 2 |  2.0
Evocations     | 3 5 |  5.0
Shields        | 3 |  3.9

Action                     |  1- 3 |  4- 6 |  7- 9 | 10-12 || total
---------------------------+-------+-------+-------+-------++-------
  Melee: Unarmed           |     4 |       |       |       ||     4
         Dagger            |    18 |    19 |    32 |       ||    69
         Tailslap          |     1 |     5 |    10 |    32 ||    48
         Quarterstaff      |       |       |    31 |   148 ||   179
         Staff             |       |       |       |    32 ||    32
   Fire: Sling             |    11 |       |       |       ||    11
   Cast: Summon Small Mamm |    30 |     7 |     5 |       ||    42
         Call Imp          |     5 |    12 |    10 |    11 ||    38
         Call Canine Famil |     6 |    21 |    19 |    44 ||    90
         Summon Blazeheart |       |       |    26 |    42 ||    68
         Summon Lightning  |       |       |       |    39 ||    39
         Summon Forest     |       |       |       |     5 ||     5
    Use: Scroll            |     3 |       |    10 |     4 ||    17
   Stab: Distracted        |     1 |       |       |     9 ||    10
         Sleeping          |       |     1 |       |     1 ||     2
 Armour: Skin              |    27 |    25 |    91 |   204 ||   347
  Dodge: Dodged            |    30 |    36 |    91 |   168 ||   325
  Block: Buckler           |       |       |       |    15 ||    15

Table legend: (Time is in decaauts)
 A = Elapsed time spent in this place.
 B = Non-inter-level travel time spent in this place.
 C = Inter-level travel time spent in this place.
 D = Time resting spent in this place.
 E = Time spent auto-exploring this place.
 F = Levels seen in this place.
 G = Mean time per level.
                   A        B        C        D        E       F      G
               +--------+--------+--------+--------+--------+-----+--------+
         Total |  13537 |  12315 |   1222 |   2675 |   6511 |  13 | 1041.3 |
       Dungeon |  11944 |  10723 |   1221 |   2372 |   5764 |  11 | 1085.8 |
          Lair |   1050 |   1050 |      0 |    121 |    614 |   1 | 1050.0 |
        Bailey |    543 |    543 |      0 |    182 |    133 |   1 |  543.0 |
               +--------+--------+--------+--------+--------+-----+--------+

Top non-repeatable levels by time:
     D:9: 1611 daAuts
     D:6: 1234 daAuts
     D:1: 1203 daAuts
    D:11: 1198 daAuts
     D:3: 1103 daAuts
  Lair:1: 1050 daAuts
     D:7: 1014 daAuts
     D:2: 960 daAuts
     D:4: 948 daAuts
     D:5: 935 daAuts
     D:8: 926 daAuts
    D:10: 808 daAuts
  Bailey: 543 daAuts
